 Dungeon Crawl Stone Soup version 0.29-a0-1023-g6ae1a4a2c7 (webtiles) character file.

Game seed: 9468083169708860683

30560 ytrimaz the Brawler (level 13, -5/99 HPs)
             Began as a Demonspawn Berserker on Aug 11, 2022.
             Was a Priest of Trog.
             Killed from afar by a wretched star (17 damage)
             ... with a lance of force
             ... on level 2 of the Abyss.
             The game lasted 00:22:35 (14381 turns).

ytrimaz the Brawler (Demonspawn Berserker)         Turns: 14381, Time: 00:22:36

Health: -5/99      AC: 17    Str: 21    XL:     13   Next: 21%
Magic:  13/13      EV: 13    Int:  9    God:    Trog [***...]
Gold:   890        SH:  5    Dex: 12    Spells: 12/12 levels left

rFire   . . .      SeeInvis .     - Unarmed
rCold   + . .      Faith    .   (no shield)
rNeg    . . .      Spirit   .   c - +0 chain mail
rPois   +          Reflect  +   (no helmet)
rElec   .          Harm     .   (cloak unavailable)
rCorr   .          Rampage  .   (no gloves)
Will    +....                   b - +1 pair of boots
Stlth   ..........              i - amulet of reflection
HPRegen 0.00/turn               N - ring of willpower
MPRegen 0.26/turn               z - ring of poison resistance

@: agile, sick, studying Axes
A: icy blue scales 3, powered by pain 2, magic regeneration, weakness stinger 3,
dopey 1, regeneration 1
a: Renounce Religion, Berserk, Trog's Hand


You were on level 2 of the Abyss.
You worshipped Trog.
Trog was most pleased with you.
You visited 3 branches of the dungeon, and saw 16 of its levels.
You visited the Abyss 1 time.

You collected 890 gold pieces.

Inventory:

Hand Weapons
 C - a +5 hand axe of freezing
Missiles
 r - a throwing net (quivered)
Armour
 b - a +1 pair of boots (worn)
 c - a +0 chain mail (worn)
 v - a +0 tower shield
 K - +0 acid dragon scales
Jewellery
 i - an amulet of reflection (around neck)
 m - a ring of resist corrosion
 q - a ring of magical power
 w - a ring of fire
 z - a ring of poison resistance (right hand)
 N - a ring of willpower (left hand)
 O - a +4 ring of evasion
 P - a ring of protection from cold
Wands
 d - a wand of iceblast (15)
 x - a wand of light (2)
 y - a wand of flame (40)
 B - a wand of paralysis (12)
 E - a wand of polymorph (2)
 I - a wand of digging (7)
Scrolls
 a - 3 scrolls of vulnerability
 e - 3 scrolls of amnesia
 g - 2 scrolls of fog
 j - 3 scrolls of torment
 p - 5 scrolls of teleportation
 t - 2 scrolls of brand weapon
 A - a scroll of poison
 D - 2 scrolls of enchant armour
 L - 2 scrolls of enchant weapon
Potions
 f - a potion of haste
 h - a potion of curing
 k - 4 potions of flight
 n - 5 potions of attraction
 o - a potion of brilliance
 s - 3 potions of lignification
 u - 2 potions of berserk rage
 G - 3 potions of might
 H - a potion of magic {unknown}
 J - a potion of mutation
 M - a potion of cancellation {unknown}


   Skills:
 + Level 8.7 Fighting
 + Level 7.5 Armour
 - Level 1.7 Dodging
 - Level 0.5 Shields
 - Level 18.0 Unarmed Combat


You had 12 spell levels left.
You didn't know any spells.
Your spell library was empty.

Dungeon Overview and Level Annotations

Branches:
Dungeon (14/15)            Temple (1/1) D:5            Lair (1/5) D:11
    Orc (0/2) D:9
 Vaults: D:13-14

Altars:
Ashenzari
Cheibriados
Dithmenos
Fedhas
Gozag
Hepliaklqana
Kikubaaqudgha
Makhleb
Nemelex Xobeh
Okawaru
Qazlal
Ru
Sif Muna
Trog
Uskayaw
Vehumet
Wu Jian
Xom
Yredelemnul

Shops:
D:4 *(   D:5 [   D:9 :   D:12 (   D:13 *

Portals:
Trove: D:13 (give +3 shadow dragon scales)

Annotations:
D:7 2 transporters, Maggie
Lair:1 Sonja


Innate Abilities, Weirdness & Mutations

You are completely covered in icy blue scales. (AC +4, rC+)
You sometimes gain power by taking damage.
You regenerate magic rapidly.
You have a sharp stinger which inflicts weakening toxins.
You are dopey. (Int -2)
Your natural rate of healing is unusually fast.


Message History

A mana viper comes into view.
You feel the effects of Trog's Hand fading.
The mana viper hisses angrily.
Unknown command.
You are suddenly pulled into a different region of the Abyss!
Unknown command.
You start resting.
Your skin stops crawling.
You feel less strong-willed.
You start resting.
A wretched star comes into view.
Unknown command.
The wretched star glows turbulently.
The lance of force hits you!!
* * * LOW HITPOINT WARNING * * *
You focus on the pain.
You feel agile all of a sudden.
You are knocked back by the lance of force.
You slam into the rock wall!
* * * LOW HITPOINT WARNING * * *
The wretched star glows turbulently.
The lance of force misses you.
Unknown command.
You closely miss the wretched star. Your punch misses the wretched star.
The wretched star glows turbulently.
The lance of force misses you.
You hit the wretched star. You tail-slap the wretched star.
The wretched star is lightly damaged.
You are too injured to fight recklessly!
You pummel the wretched star!!
The wretched star is heavily damaged.
You hit the wretched star but do no damage.
Your tail-slap misses the wretched star.
Your punch misses the wretched star.
The wretched star is heavily damaged.
You hit the wretched star but do no damage.
Your tail-slap misses the wretched star.
The wretched star is heavily damaged.
The wretched star glows turbulently.
The lance of force hits you!
You die...

.. ......
#. #......
#.##..#..
.
..#....#..
#.#......#
#...... .
#.#.# ###
#...#...#
##.@*..#
#..#.#.#
##.# .#
..# .. #.#
#. #.# #
#.# #.#


You could see a wretched star.

Vanquished Creatures
  A balrug (Abyss:2)
  A green death (Abyss:2)
  3 boulder beetles
  A rakshasa (Abyss:2)
  4 centaur warriors (D:13)
  A two-headed ogre (D:10)
  3 death yaks (D:11)
  A flayed ghost (Abyss:2)
  An orb spider (Abyss:2)
  Pikel (D:4)
  An orc knight (D:13)
  A deep elf pyromancer (D:13)
  3 ugly things
  A manticore (D:11)
  4 cyclopes
  An apocalypse crab (Abyss:2)
  A dire elephant skeleton (Abyss:2)
  Joseph (D:9)
  A gargoyle (D:12)
  2 unseen horrors
  A komodo dragon (D:8)
  A kobold demonologist (D:12)
  An efreet (Abyss:2)
  An ancient zyme (Abyss:2)
  3 trolls
  A hornet (D:8)
  2 polar bears (D:11)
  Prince Ribbit (D:7)
  A raiju (Abyss:2)
  Sigmund (D:4)
  A vampire (D:12)
  2 shadows
  9 yaks
  2 basilisks
  3 wyverns
  2 neqoxecs (Abyss:2)
  5 wraiths
  Menkaure (D:7)
  A steam dragon (D:7)
  Edmund (D:6)
  11 vampire mosquitoes
  3 acid dragons
  2 water moccasins
  Duvessa (D:6)
  3 orc warriors
  2 sky beasts
  2 ice beasts
  3 ogres
  12 centaurs
  3 lemures (D:4)
  A phantom (D:5)
  5 kobold brigands
  5 bullfrogs
  Blork the orc (D:6)
  A gnoll sergeant (D:12)
  A scorpion (D:4)
  An earth elemental (Abyss:2)
  4 wights (D:9)
  A small abomination (Abyss:2)
  Dowan (D:6)
  5 killer bees (D:10)
  5 electric eels (D:12)
  3 howler monkeys
  A quasit (Abyss:2)
  4 hounds
  Crazy Yiuf (D:4)
  5 orc priests
  An iron imp (Abyss:2)
  A gnoll bouda (D:5)
  An iguana (D:7)
  8 orc wizards
  A hell rat (D:11)
  12 gnolls
  5 adders
  3 white imps
  2 ufetubi
  4 dart slugs
  35 orcs
  5 endoplasms
  A giant cockroach (D:1)
  A hobgoblin (D:4)
  6 jackals
  5 quokkas
  5 ball pythons
  6 bats
  4 frilled lizards
  7 goblins
  27 kobolds
  9 rats
309 creatures vanquished.

Vanquished Creatures (collateral kills)
  3 skeletal warriors (D:12)
3 creatures vanquished.

Vanquished Creatures (others)
  2 fungi (Lair:1)
  3 plants
5 creatures vanquished.

Grand Total: 317 creatures vanquished

Notes
Turn   | Place    | Note
-------+----------+-------------------------------------------
     0 | D:1      | ytrimaz the Demonspawn Berserker began the quest for the
                  | Orb.
     0 | D:1      | Reached XP level 1. HP: 18/18 MP: 1/1
   461 | D:1      | Found a faded altar of an unknown god.
   630 | D:1      | Reached skill level 3 in Unarmed Combat
   635 | D:1      | Gained mutation: You regenerate magic rapidly. [demonic
                  | ancestry]
   635 | D:1      | Reached XP level 2. HP: 18/24 MP: 2/2
  1425 | D:2      | Reached ** piety under Trog
  1749 | D:2      | Gained mutation: You sometimes gain a little power by
                  | taking damage. [demonic ancestry]
  1749 | D:2      | Reached XP level 3. HP: 8/29 MP: 3/3
  3059 | D:3      | Reached skill level 4 in Unarmed Combat
  3059 | D:3      | Reached XP level 4. HP: 37/37 MP: 4/4
  3998 | D:3      | Found a blossoming altar of Fedhas.
  3999 | D:3      | Found an ancient bone altar of Kikubaaqudgha.
  3999 | D:3      | Found a shimmering altar of Xom.
  4401 | D:4      | Found Uhanoxiy's Lightly-Used Armoury.
  4464 | D:4      | Noticed Sigmund
  4475 | D:4      | Killed Sigmund
  4476 | D:4      | Reached skill level 5 in Unarmed Combat
  4476 | D:4      | Gained mutation: You are partially covered in icy blue
                  | scales. (AC +2) [demonic ancestry]
  4476 | D:4      | Reached XP level 5. HP: 42/42 MP: 5/5
  4476 | D:4      | Gained mutation: You are mostly covered in icy blue scales.
                  | (AC +3) [demonic ancestry]
  4476 | D:4      | Reached XP level 6. HP: 48/48 MP: 6/6
  4497 | D:4      | Noticed Pikel
  4523 | D:4      | Gained mutation: Armour fits poorly on your strangely
                  | shaped body. [potion of mutation]
  4523 | D:4      | Gained mutation: You are somewhat resistant to further
                  | mutation. [potion of mutation]
  4877 | D:4      | Lost mutation: You are somewhat resistant to further
                  | mutation. [potion of mutation]
  4877 | D:4      | Lost mutation: Armour fits poorly on your strangely shaped
                  | body. [potion of mutation]
  4877 | D:4      | Gained mutation: You occasionally lose the ability to drink
                  | potions when taking damage. [potion of mutation]
  4877 | D:4      | Gained mutation: You possess an exceptional clarity of
                  | mind. [potion of mutation]
  4878 | D:4      | Lost mutation: You occasionally lose the ability to drink
                  | potions when taking damage. [potion of mutation]
  4878 | D:4      | Lost mutation: You possess an exceptional clarity of mind.
                  | [potion of mutation]
  4878 | D:4      | Gained mutation: Your natural rate of healing is unusually
                  | fast. [potion of mutation]
  4976 | D:4      | Killed Pikel
  4977 | D:4      | Reached skill level 7 in Unarmed Combat
  4977 | D:4      | Reached XP level 7. HP: 55/55 MP: 7/7
  4999 | D:4      | Found Asus's Weapon Shoppe.
  5141 | D:4      | Reached skill level 8 in Unarmed Combat
  5196 | D:4      | Found a runed translucent door.
  5197 | D:4      | Noticed Crazy Yiuf
  5205 | D:4      | Killed Crazy Yiuf
  5284 | D:5      | Entered Level 5 of the Dungeon
  5331 | D:5      | Reached XP level 8. HP: 52/61 MP: 8/8
  5364 | D:5      | Found Uzxemac's Antique Armour Boutique.
  5578 | D:5      | Reached *** piety under Trog
  5772 | D:5      | Identified the +6 trident "Omaco" {drain, *Rage rElec Str+4
                  | Dex+2}
  5933 | D:5      | Found a staircase to the Ecumenical Temple.
  6082 | Temple   | Entered the Ecumenical Temple
  6082 | Temple   | Found a transporter.
  6082 | Temple   | Found a transporter.
  6084 | Temple   | Found a transporter.
  6084 | Temple   | Found a transporter.
  6215 | D:6      | Noticed Duvessa
  6223 | D:6      | Noticed Dowan
  6230 | D:6      | Killed Duvessa
  6231 | D:6      | Reached skill level 5 in Fighting
  6231 | D:6      | Reached skill level 9 in Unarmed Combat
  6239 | D:6      | Killed Dowan
  6616 | D:6      | Noticed Edmund
  6647 | D:6      | Killed Edmund
  6648 | D:6      | Reached skill level 10 in Unarmed Combat
  6816 | D:6      | Noticed Blork the orc
  6822 | D:6      | Killed Blork the orc
  6823 | D:6      | Gained mutation: You have a small tail. [demonic ancestry]
  6823 | D:6      | Reached XP level 9. HP: 60/68 MP: 9/9
  6990 | D:7      | Found a shimmering blue altar of Sif Muna.
  7000 | D:7      | Noticed Menkaure
  7024 | D:7      | Killed Menkaure
  7078 | D:7      | Reached skill level 11 in Unarmed Combat
  7386 | D:7      | Noticed Maggie
  7387 | D:7      | Noticed a two-headed ogre
  7449 | D:7      | Noticed Prince Ribbit
  7470 | D:7      | Killed Prince Ribbit
  7558 | D:7      | Found a transporter.
  7562 | D:7      | Found a transporter.
  7842 | D:8      | Reached **** piety under Trog
  7904 | D:8      | Reached skill level 12 in Unarmed Combat
  8102 | D:8      | Gained mutation: You have a tail ending in a sharp stinger.
                  | [demonic ancestry]
  8102 | D:8      | Reached XP level 10. HP: 76/76 MP: 10/10
  8504 | D:9      | Reached skill level 13 in Unarmed Combat
  8750 | D:9      | Noticed Joseph
  8764 | D:9      | Killed Joseph
  8994 | D:9      | Found Ugeixotikk's Book Emporium.
  9015 | D:9      | Found a staircase to the Orcish Mines.
  9353 | D:10     | Entered Level 10 of the Dungeon
  9709 | D:10     | Reached skill level 14 in Unarmed Combat
  9812 | D:10     | Noticed a two-headed ogre
  9820 | D:10     | Killed a two-headed ogre
 10077 | D:11     | Noticed a cyclops
 10093 | D:11     | Killed a cyclops
 10094 | D:11     | Gained mutation: You have a sharp stinger which inflicts
                  | weakening toxins. [demonic ancestry]
 10094 | D:11     | Reached XP level 11. HP: 84/84 MP: 11/11
 10307 | D:11     | Noticed a death yak
 10335 | D:11     | Noticed a death yak
 10338 | D:11     | Noticed a death yak
 10348 | D:11     | Killed a death yak
 10349 | D:11     | Reached skill level 15 in Unarmed Combat
 10358 | D:11     | Killed a death yak
 10363 | D:11     | Killed a death yak
 10398 | D:11     | Found a staircase to the Lair.
 10477 | D:11     | Found a bloodstained altar of Trog.
 10478 | D:11     | Noticed a boulder beetle
 10511 | D:11     | HP: 3/84 [boulder beetle (10)]
 10531 | D:11     | Killed a boulder beetle
 10645 | D:11     | Reached skill level 16 in Unarmed Combat
 11032 | D:12     | Found Zeneic's Weapon Shop.
 11046 | D:12     | Noticed a green ugly thing
 11446 | D:12     | Noticed a skeletal warrior
 11446 | D:12     | Noticed a skeletal warrior
 11447 | D:12     | Noticed a skeletal warrior
 11462 | D:12     | Killed a skeletal warrior
 11464 | D:12     | Killed a skeletal warrior
 11468 | D:12     | Killed a skeletal warrior
 11502 | D:12     | Killed a green ugly thing
 11503 | D:12     | Gained mutation: You are completely covered in icy blue
                  | scales. (AC +4, rC+) [demonic ancestry]
 11503 | D:12     | Reached XP level 12. HP: 92/92 MP: 12/12
 12351 | D:13     | Found a sparkling altar of Nemelex Xobeh.
 12381 | D:13     | Noticed a boulder beetle
 12418 | D:13     | Killed a boulder beetle
 12493 | D:13     | Noticed a centaur warrior
 12500 | D:13     | Killed a centaur warrior
 12509 | D:13     | Noticed a centaur warrior
 12627 | D:13     | Reached skill level 17 in Unarmed Combat
 12632 | D:13     | Noticed a centaur warrior
 12645 | D:13     | Killed a centaur warrior
 12646 | D:13     | Reached skill level 5 in Armour
 12775 | D:13     | Killed a centaur warrior
 12953 | D:13     | Found a portal to a secret trove of treasure.
 13013 | D:13     | Found Anukupir's Fire Supplies.
 13305 | D:13     | Noticed a boulder beetle
 13324 | D:13     | Killed a boulder beetle
 13349 | D:13     | Noticed a centaur warrior
 13361 | D:13     | Killed a centaur warrior
 13554 | D:14     | Noticed a centaur warrior
 13645 | Lair:1   | Entered Level 1 of the Lair of Beasts
 13799 | Lair:1   | Noticed Sonja
 13811 | Abyss:2  | Cast into level 2 of the Abyss (Sonja)
 13853 | Abyss:2  | Noticed a rakshasa
 13874 | Abyss:2  | Killed a rakshasa
 13875 | Abyss:2  | Gained mutation: You sometimes gain power by taking damage.
                  | [demonic ancestry]
 13875 | Abyss:2  | Reached XP level 13. HP: 99/99 MP: 13/13
 13960 | Abyss:2  | Gained mutation: You are dopey. (Int -2) [a neqoxec]
 14214 | Abyss:2  | Noticed a balrug
 14232 | Abyss:2  | Killed a balrug
 14233 | Abyss:2  | Reached skill level 18 in Unarmed Combat
 14237 | Abyss:2  | Noticed a green death
 14251 | Abyss:2  | Killed a green death
 14381 | Abyss:2  | Killed from afar by a wretched star

Illustrated notes

Levels and vault maps discovered:
D:1:      pf_arrival_petrified_forest, layout_loops_corners,
          dreamdust_ecumenical_altar_hidden_monk_grotto, minmay_pentomino_u2
D:2:      layout_rooms, kennysheep_generic_room_7
D:3:      layout_loops_corners, mainiacjoe_overflow_alcove_3,
          chequers_serial_rivers_micro_a, guppyfry_early_lair_pool
D:4:      layout_rooms, serial_shops, nicolae_square_shop, minmay_shop_damaged,
          uniq_crazy_yiuf_cottage, uniq_sigmund, uniq_pikel
D:5:      layout_basic, minmay_temple_entry_statues_fountains, serial_shops,
          shop
D:6:      layout_loops_ring, uniq_edmund, uniq_blork_the_orc, uniq_duvessa
D:7:      gammafunk_beogh_shrine, layout_basic, lemuel_doored_altar,
          uniq_menkaure, uniq_maggie, uniq_prince_ribbit1
D:8:      layout_gridville
D:9:      layout_loops_cross, orc_0_dummy, serial_shops, shop, uniq_joseph
D:10:     layout_small_grid
D:11:     layout_loops_cross, dpeg_lair_monsters, trog_ov_bears_minmay
D:12:     layout_basic, serial_shops, nicolae_shop_bloodbath_and_beyond,
          nicolae_hexahallways
D:13:     layout_grid_maze, nicolae_trove_entry_diagonal, nicolae_shop_fire_sale
          [nicolae_sub_dead_trees], nemelex_xobeh_ov_fountains_minmay
D:14:     layout_rooms, david_vaults_4, lemuel_coloured_pillars_altar
Temple:   hellmonk_temple_divided_pantheon
Lair:1:   gammafunk_cloud_chamber, layout_long_grid, uniq_sonja
Abyss:2:  base: D:5, evilmike_abyss_exit_16, hangedman_abyss_river_spirits,
          due_exit_kobolds, minivault_26

Skill      XL: |  1  2  3  4  5  6  7  8  9 10 11 12 13 |
---------------+----------------------------------------+-----
Unarmed Combat | 3 4 5 7 8 10 12 14 16 17 18 | 18.0
Fighting       | 4 5 6 7 8 |  8.7
Armour         | 3 6 7 |  7.5
Dodging        | |  1.7
Shields        | |  0.5

Action                   |  1- 3 |  4- 6 |  7- 9 | 10-12 | 13-15 || total
-------------------------+-------+-------+-------+-------+-------++-------
Melee: Unarmed           |   199 |   157 |   400 |   565 |    86 ||  1407
       Punch             |     3 |     5 |    13 |    55 |    10 ||    86
       Tailslap          |       |       |    20 |    90 |    14 ||   124
Invok: Berserk           |     1 |     3 |     3 |    11 |     1 ||    19
       Trog's Hand       |       |     2 |     2 |     8 |     1 ||    13
       Brothers in Arms  |       |       |       |     2 |       ||     2
  Use: Scroll            |     6 |     6 |     3 |    10 |     2 ||    27
       Potion            |       |     4 |       |     7 |     3 ||    14
 Stab: Sleeping          |     1 |       |       |       |       ||     1
Armor: Animal skin       |    43 |       |       |       |       ||    43
       Chain mail        |    13 |   112 |   256 |   402 |    24 ||   807
Dodge: Dodged            |   151 |    50 |   112 |   251 |    21 ||   585
Block: Other             |       |     9 |    83 |   140 |     9 ||   241
       Reflection        |       |       |     6 |     7 |       ||    13

Table legend: (Time is in decaauts)
 A = Elapsed time spent in this place.
 B = Non-inter-level travel time spent in this place.
 C = Inter-level travel time spent in this place.
 D = Time resting spent in this place.
 E = Time spent auto-exploring this place.
 F = Levels seen in this place.
 G = Mean time per level.
                   A        B        C        D        E       F      G
               +--------+--------+--------+--------+--------+-----+--------+
         Total |  14329 |  13674 |    655 |   1551 |   9050 |  17 |  842.9 |
       Dungeon |  13581 |  12935 |    646 |   1357 |   8794 |  14 |  970.1 |
        Temple |     39 |     30 |      9 |      0 |      6 |   1 |   39.0 |
          Lair |    165 |    165 |      0 |      0 |    135 |   1 |  165.0 |
         Abyss |    543 |    543 |      0 |    194 |    114 |   1 |  543.0 |
               +--------+--------+--------+--------+--------+-----+--------+

Top non-repeatable levels by time:
     D:2: 1415 daAuts
     D:1: 1400 daAuts
     D:3: 1378 daAuts
    D:12: 1350 daAuts
    D:13: 1238 daAuts
     D:4: 1118 daAuts
    D:11: 990 daAuts
     D:9: 899 daAuts
     D:5: 821 daAuts
     D:6: 806 daAuts
     D:7: 795 daAuts
    D:10: 697 daAuts
     D:8: 644 daAuts
 Abyss:2: 543 daAuts
  Lair:1: 165 daAuts
